 Dungeon Crawl Stone Soup version 0.31-b1-17-gcfd88c8481 (webtiles) character file.

Game seed: 13322104147119439956

199 Arctor the Sneak (level 5, 0/42 HPs)
             Began as a Naga Enchanter on Jan 15, 2024.
             Slain by a phantom (7 damage)
             ... on level 4 of the Dungeon.
             The game lasted 00:09:05 (3674 turns).

Arctor the Sneak (Naga Enchanter)                   Turns: 3674, Time: 00:09:06

Health: 0/42       AC:  2    Str: 10    XL:     5   Next: 77%
Magic:  5/9        EV: 10    Int: 18    God:
Gold:   118        SH:  0    Dex: 11    Spells: 4/10 levels left

rFire   . . .        a - +1 dagger
rCold   . . .        (no shield)
rNeg    . . .        b - +0 robe
rPois   +            (no helmet)
rElec   .            (no cloak)
rCorr   .            (no gloves)
SInv    +            (no barding)
Will    .....        (no amulet)
Stlth   +++          (no ring)
HPRegen 0.27/turn    (no ring)
MPRegen 0.11/turn

%: no passive effects
@: very slow
A: AC +1, large, see invisible, deformed body, poison resistance, slowness 2,
spit poison 1, naga tail 1
a: Spit Poison


You were on level 4 of the Dungeon.
You visited 1 branch of the dungeon, and saw 4 of its levels.

You collected 118 gold pieces.

Inventory:

Hand Weapons
 a - a +1 dagger (weapon)
 m - the +5 hammer of Insufficient Pleasure {heavy, +Blink rCorr MP+9 Str-5 Stlth+}
   (You found it on level 3 of the Dungeon)

   Str-5:     It affects your strength (-5).
   MP+9:      It affects your magic capacity (+9).
   +Blink:    It lets you blink.
   rCorr:     It protects you from acid and corrosion.
   Stlth+:    It makes you more stealthy.
Armour
 b - a +0 robe (worn)
Wands
 n - a wand of flame (17)
Scrolls
 d - a scroll of fear {unknown}
 e - 2 scrolls of noise
 j - a scroll of enchant weapon {unknown}
 k - a scroll of teleportation
 l - a scroll of amnesia {unknown}
Potions
 c - 3 potions of invisibility
 i - 2 potions of haste


   Skills:
 + Level 2.4 Short Blades
 + Level 0.0 Maces & Flails
 + Level 2.5 Dodging
 + Level 5.9 Stealth
 + Level 3.0 Spellcasting
 + Level 3.8 Hexes


You had 4 spell levels left.
You knew the following spells:

 Your Spells              Type           Power      Damage    Failure   Level
a - Ensorcelled Hibernat  Hex/Ice        18%        N/A       12%         2
b - Summon Small Mammal   Summ           8%         N/A       16%         1
c - Tukima's Dance        Hex            16%        N/A       11%         3

Your spell library contained the following spells:

 Spells                   Type           Power      Damage    Failure   Level
 Confusing Touch          Hex            16%        N/A       11%         3
 Dazzling Flash           Conj/Hex       18%        N/A       22%         3
 Call Canine Familiar     Summ           2%         N/A       43%         3
 Gell's Gravitas          Tloc           2%         N/A       43%         3
 Teleport Other           Tloc           2%         N/A       43%         3
 Summon Blazeheart Golem  Fire/Summ      2%         N/A       85%         4
 Dispersal                Tloc           1%         N/A       100%        6


Dungeon Overview and Level Annotations

Branches:
Dungeon (4/15)
 Temple: D:4-7

Altars:


Innate Abilities, Weirdness & Mutations

Your serpentine skin is tough. (AC +1)
You have supernaturally acute eyesight. (SInv)
Armour fits poorly on your strangely shaped body.
Your system is resistant to poisons. (rPois)
You cover ground very slowly.
You can spit poison.
You have a snake-like lower body.


Message History

The phantom blinks!
You blink.
Your bat hits the phantom.
Your bat completely misses the phantom.
Your bat closely misses the phantom.
The phantom hits your bat.
The phantom blinks!
Your bat blinks!
Your bat barely misses the phantom.
You swap places.
Your bat barely misses the phantom.
The phantom hits your bat.
Your bat dies!
Your bat's corpse disappears in a puff of smoke!
Your rat bites the phantom but does no damage.
The phantom barely misses your rat.
Your rat disappears in a puff of smoke!
The phantom hits you.
* * * LOW HITPOINT WARNING * * *
The phantom blinks!
You blink.
The phantom hits you.
* * * LOW HITPOINT WARNING * * *
The phantom blinks!
You blink.
The phantom barely misses you. The iguana misses you.
The phantom completely misses you. The iguana attacks as it pursues you!
The iguana bites you.
* * * LOW HITPOINT WARNING * * *
The iguana closely misses you. The phantom attacks as it pursues you!
The phantom hits you.
* * * LOW HITPOINT WARNING * * *
The phantom blinks!
You blink.
The phantom closely misses you. The phantom closely misses you.
The iguana barely misses you. The phantom hits you.
* * * LOW HITPOINT WARNING * * *
You open the door. The iguana bites you.
* * * LOW HITPOINT WARNING * * *
The phantom barely misses you.
There is an open door here.
Casting: Tukima's Dance (dangerous; 11% risk of failure)
Confirm with . or Enter, or press ? or * to list all spells.
Your bat closely misses the phantom. x2; The phantom barely misses you.
Casting: Summon Small Mammal (safe; 16% risk of failure)
Confirm with . or Enter, or press ? or * to list all spells.
The phantom hits you!
You die...

#.####....<.)# #.# #.#
#####.### #.. #.# #.# #..
#.# ##'## #.. #§# ##...##
#.. ##§# ##.....## #.. ##..#
##.......####..
#######...####..........§...
...........@Wlb..##......##.
#######..r####...###....##
##..# ##...###..## ##.#
##...##### #.# #....# .#
#....# .# #...## #..## ...##


You could see a phantom (ally target), an iguana, a friendly bat (summoned) and
a friendly rat (summoned).

Vanquished Creatures
  A bombardier beetle (D:3)
  Crazy Yiuf (D:3)
  Jessica (D:3)
  3 adders
  5 orcs (D:3)
  8 ball pythons
  8 bats
  6 endoplasms
  5 goblins
  7 hobgoblins
  6 jackals
  6 kobolds
  4 quokkas
  2 frilled lizards
  8 rats
71 creatures vanquished.

Vanquished Creatures (collateral kills)
  A bat (D:3)
  A goblin (D:3)
  A hobgoblin (D:4)
3 creatures vanquished.

Grand Total: 74 creatures vanquished

Notes
Turn   | Place    | Note
-------+----------+-------------------------------------------
     0 | D:1      | Arctor the Naga Enchanter began the quest for the Orb.
     0 | D:1      | Reached XP level 1. HP: 15/15 MP: 3/3
   130 | D:1      | Reached XP level 2. HP: 22/22 MP: 5/5
   295 | D:1      | Learned a level 2 spell: Ensorcelled Hibernation
   388 | D:1      | Reached XP level 3. HP: 11/28 MP: 6/6
   756 | D:1      | Learned a level 1 spell: Summon Small Mammal
   993 | D:1      | Reached skill level 5 in Stealth
  1289 | D:2      | Reached XP level 4. HP: 36/36 MP: 7/7
  1812 | D:2      | Found a faded altar of an unknown god.
  1864 | D:3      | Noticed Jessica
  1865 | D:3      | Killed Jessica
  1992 | D:3      | Reached XP level 5. HP: 42/42 MP: 6/9
  2105 | D:3      | Learned a level 3 spell: Tukima's Dance
  2886 | D:3      | Found a runed translucent door.
  2886 | D:3      | Identified the +5 hammer of Insufficient Pleasure {heavy,
                  | +Blink rCorr MP+9 Str-5 Stlth+}
  2945 | D:3      | Noticed Crazy Yiuf
  3105 | D:3      | Killed Crazy Yiuf
  3448 | D:4      | Noticed a phantom
  3674 | D:4      | Slain by a phantom

Illustrated notes

Levels and vault maps discovered:
D:1:      lemuel_arrival_rhombus, layout_loops_ring
D:2:      layout_basic, dreamdust_ecumenical_altar_angels_and_demons
D:3:      wad_lake_hut, layout_rooms, chequers_serial_rivers_micro_a,
          uniq_jessica, uniq_crazy_yiuf_cottage
D:4:      layout_loops_corners, mainiacjoe_overflow_concentric_impassable,
          minitemple, mainiacjoe_overflow_alcove_2, minivault_19

Skill      XL: |  1  2  3  4  5 |
---------------+----------------+-----
Stealth        | 5 |  5.9
Dodging        | 2 |  2.5
Short Blades   | 2 |  2.4
Spellcasting   | 3 |  3.0
Hexes          | |  3.8

Action                     |  1- 3 |  4- 6 || total
---------------------------+-------+-------++-------
  Melee: Dagger            |   153 |   254 ||   407
         Mace              |       |    13 ||    13
         Punch             |       |     2 ||     2
   Cast: Ensorcelled Hiber |       |     8 ||     8
         Summon Small Mamm |       |    12 ||    12
         Tukima's Dance    |       |     4 ||     4
Ability: Spit Poison       |     2 |     2 ||     4
    Use: Potion            |     1 |     5 ||     6
         Scroll            |     2 |       ||     2
   Stab: Sleeping          |    10 |    10 ||    20
 Armour: Robe              |    88 |   134 ||   222
  Dodge: Dodged            |    90 |    93 ||   183
